 Dungeon Crawl Stone Soup version 0.27.1-15-g792fb953b9 (webtiles) character file.

Game seed: 8390888831100534564

207 croobank the Grave Robber (level 5, 0/35 HPs)
             Began as a Mummy Necromancer on Nov 20, 2021.
             Slain by a gnoll (5 damage)
             ... on level 2 of the Dungeon.
             The game lasted 00:24:14 (3640 turns).

croobank the Grave Robber (Mummy Necromancer)       Turns: 3640, Time: 00:24:15

Health: 0/35       AC:  7    Str: 12    XL:     5   Next: 54%
Magic:  11/12      EV: 12    Int: 15    God:
Gold:   191        SH:  0    Dex: 12    Spells: 7/13 levels left

rFire    x . .     SeeInvis .   m - +2 hand axe (flame)
rCold    + . .     Faith    .   (no shield)
rNeg     + + +     Spirit   .   a - +0 robe
rPois    ∞         Reflect  .   (no helmet)
rElec    .         Harm     .   (no cloak)
rCorr    .         Rampage  .   (no gloves)
Will     .....                  o - +0 pair of boots
Stlth    ++........             (no amulet)
HPRegen  0.11/turn              r - +4 ring of protection
MPRegen  0.13/turn              s - ring of flight

@: about to teleport, flying
A: cold resistance 1, negative energy resistance 3, torment resistance 2, heat
vulnerability 1, no potions
a: no special abilities


You were on level 2 of the Dungeon.
You visited 1 branch of the dungeon, and saw 4 of its levels.

You collected 191 gold pieces.

Inventory:

Hand Weapons
 b - a +0 dagger
 d - a +0 hunting sling
 l - a +0 flail
 m - a +2 hand axe of flaming (weapon)
Missiles
 f - 40 stones
 j - 56 arrows
 p - 9 poisoned darts
Armour
 a - a +0 robe (worn)
 k - a +0 ring mail
 n - a +0 leather armour
 o - a +0 pair of boots (worn)
Magical Staves
 t - a staff of air
Jewellery
 r - a +4 ring of protection (left hand)
 s - a ring of flight (right hand)
Scrolls
 c - 3 scrolls of teleportation
 e - a scroll of vulnerability {unknown}
 g - 6 scrolls of identify {unknown}
 h - a scroll of amnesia {unknown}
 i - a scroll of fear {unknown}
 q - 2 scrolls of holy word {unknown}
 u - a scroll of summoning {unknown}


   Skills:
 + Level 0.4 Throwing
 + Level 1.8 Dodging
 + Level 2.0 Stealth
 + Level 4.8 Spellcasting
 + Level 5.5 Necromancy


You had 7 spell levels left.
You knew the following spells:

 Your Spells              Type           Power      Damage    Failure   Level
a - Pain                  Necr           80%        1d8       1%          1
b - Animate Skeleton      Necr           40%        N/A       1%          1
c - Animate Dead          Necr           10%        N/A       17%         4

Your spell library contained the following spells:

 Spells                   Type           Power      Damage    Failure   Level
 Vampiric Draining        Necr           10%        2d7       4%          3
 Magic Dart               Conj           12%        1d3       17%         1
 Call Imp                 Summ           3%         N/A       26%         2
 Agony                    Necr           20%        N/A       43%         5
 Mephitic Cloud           Conj/Pois/Air  3%         N/A       45%         3


Dungeon Overview and Level Annotations

Branches:
Dungeon (4/15)
 Temple: D:4-7

Altars:
Okawaru

Annotations:
D:3 Natasha


Innate Abilities, Weirdness & Mutations

You are immune to poison.
Your flesh is cold resistant. (rC+)
You are immune to negative energy. (rN+++)
You are immune to unholy pain and torment.
You are vulnerable to heat. (rF-)
You do not drink.


Message History

There is an entrance to a sewer on this level.
Hurry and find it before the portal rusts away!
You hear the slow rusting of a distant drain.
The giant cockroach closely misses you. The gnoll barely misses you. x2
There is a stone staircase leading up here.
The giant cockroach completely misses you.
The gnoll hits you with a +2 flail of protection!
The gnoll hits you but does no damage.
The giant cockroach bites you but does no damage.
You fly upwards.
Level annotation: Natasha Your gnoll skeleton crumbles into dust!
There is a stone staircase leading down here.
The gnoll hits you with a +0 flail.
There is a stone staircase leading up here.
You can't go down here!
The gnoll hits you but does no damage.
The gnoll hits you with a +2 flail of protection.
You fly upwards.
There is a stone staircase leading down here.
Aiming: Pain (safe; 1% risk of failure)
Press: ? - help, Q - select action, (/) - cycle Shift-Dir - straight line, f - gnoll
Aim: a gnoll, wielding a +2 flail of protection (chance to affect: 85%)
The gnoll barely resists.
The gnoll hits you with a +0 flail! The gnoll barely misses you.
This spell is dangerous to cast!
Memorise Vampiric Draining, consuming 3 spell levels and leaving 4?
The gnoll closely misses you. The gnoll completely misses you.
You start memorising the spell.
You continue memorising.
The gnoll barely misses you.
The gnoll hits you with a +2 flail of protection.
Your memorisation is interrupted.
* * * LOW HITPOINT WARNING * * *
Casting: Pain (safe; 1% risk of failure)
Confirm with . or Enter, or press ? or * to list all spells.
Okay, then.
As you read the scroll labelled TUR VEXEKHLYPPY, it crumbles to dust.
You feel strangely unstable.
It was a scroll of teleportation.
The gnoll completely misses you.
The gnoll hits you with a +2 flail of protection.
You die...

#.#....#
#.### #.#
.##..###
#...# #.#
..#..#
###.# #.#
#÷#..# #.#
#.# .....#
#.#####.#
###.##
#.#.....#
# #.#
#.#.#####
# #.#
####.#g# #
#.#
#....#@# #
#.#
#.####g###
###.# #.#
#...#
....# #.#
###)#
##### #.#
#.# # #.#
#.# # #.#
#.# # #.#
#.# # #.#
#.#


You could see 2 gnolls.

Vanquished Creatures
  An orc wizard (D:3)
  5 adders
  4 gnolls (D:3)
  2 worms (D:2)
  2 dart slugs (D:2)
  8 orcs
  3 endoplasms
  4 giant cockroaches
  4 goblins
  A hobgoblin (D:1)
  15 jackals
  2 quokkas (D:3)
  6 ball pythons
  6 bats
  3 frilled lizards
  4 kobolds
  11 rats
81 creatures vanquished.

Vanquished Creatures (collateral kills)
  A gnoll (D:3)
  An endoplasm (D:3)
2 creatures vanquished.

Grand Total: 83 creatures vanquished

Notes
Turn   | Place    | Note
-------+----------+-------------------------------------------
     0 | D:1      | croobank the Mummy Necromancer began the quest for the Orb.
     0 | D:1      | Reached XP level 1. HP: 13/13 MP: 4/4
    56 | D:1      | Learned a level 1 spell: Animate Skeleton
   431 | D:1      | Reached XP level 2. HP: 19/19 MP: 3/5
  1166 | D:2      | Reached XP level 3. HP: 24/24 MP: 5/7
  1713 | D:2      | Found a faded altar of an unknown god.
  2144 | D:2      | Reached XP level 4. HP: 30/30 MP: 5/10
  2723 | D:3      | Learned a level 4 spell: Animate Dead
  2889 | D:3      | Reached skill level 5 in Necromancy
  2956 | D:3      | Reached XP level 5. HP: 26/35 MP: 0/11
  3371 | D:3      | Noticed Natasha
  3421 | D:3      | Found an iron altar of Okawaru.
  3640 | D:2      | Slain by a gnoll

Illustrated notes

Levels and vault maps discovered:
D:1:      dpeg_arrival_tiny_k, layout_basic, chequers_serial_rivers_room_b
D:2:      layout_loops_ring, hellmonk_ecumenical_altar_run_dry,
          minmay_rat_gold_closets
D:3:      layout_rooms, lemuel_crystal_altar, minmay_strange_pillars,
          uniq_natasha
D:4:      layout_rooms, mainiacjoe_overflow_swirl, portal_sewer_entry_b

Skill      XL: |  1  2  3  4 |
---------------+-------------+-----
Spellcasting   | 3 4 |  4.8
Stealth        | 2 |  2.0
Necromancy     | 5 |  5.5
Throwing       | |  0.4
Dodging        | |  1.8

Action                   |  1- 3 |  4- 6 || total
-------------------------+-------+-------++-------
Melee: Dagger            |    12 |       ||    12
       Hand axe          |     8 |     4 ||    12
Throw: Dart              |       |     6 ||     6
 Cast: Pain              |   104 |    83 ||   187
       Animate Skeleton  |     8 |     3 ||    11
  Use: Scroll            |       |     1 ||     1
Armor: Robe              |    14 |    10 ||    24
Dodge: Dodged            |    48 |    33 ||    81
